 Dungeon Crawl Stone Soup version 0.28-a0-751-gef3a642a4e (webtiles) character file.

Game seed: 13447263284563190793

7 spiderkeys the Skirmisher (level 2, -1/19 HPs)
             Began as a Gargoyle Abyssal Knight on Oct 31, 2021.
             Was a Follower of Lugonu.
             Slain by a quokka (4 damage)
             ... on level 1 of the Dungeon.
             The game lasted 00:01:21 (251 turns).

spiderkeys the Skirmisher (Gargoyle Abyssal Knight)  Turns: 251, Time: 00:01:22

Health: -1/19      AC:  7    Str: 16    XL:     2   Next: 4%
Magic:  3/3        EV: 11    Int: 10    God:    Lugonu [*.....]
Gold:   3          SH:  0    Dex: 10    Spells: 1/1 levels left

rFire   . . .      SeeInvis .   a - +1 mace (elec)
rCold   . . .      Faith    .   (no shield)
rNeg    + . .      Spirit   .   b - +0 leather armour
rPois   ∞          Reflect  .   (no helmet)
rElec   +          Harm     .   (no cloak)
rCorr   .          Rampage  .   f - +0 pair of gloves
Will    .....                   (no boots)
Stlth   +.........              (no amulet)
HPRegen 0.06/turn               (no ring)
MPRegen 0.08/turn               (no ring)

@: no status effects
A: sickness immunity, AC +2, negative energy resistance 1, electricity
resistance, torment resistance 1, petrification resistance
a: Renounce Religion, Depart the Abyss


You were on level 1 of the Dungeon.
You worshipped Lugonu.
Lugonu was aware of your devotion.
You visited 1 branch of the dungeon, and saw 1 of its levels.
You visited the Abyss 1 time.

You collected 3 gold pieces.


Innate Abilities, Weirdness & Mutations

You are immune to sickness and miasma.
Your stone body is resilient. (AC +2)
You are immune to poison.
You resist negative energy. (rN+)
You are resistant to electric shocks. (rElec)
You are resistant to unholy torment.
You are immune to petrification.


   Skills:
 + Level 3.4 Fighting
 + Level 2.1 Maces & Flails
 + Level 2.3 Armour
 - Level 0.7 Dodging
 + Level 2.1 Invocations
 + Level 0.3 Evocations


You had one spell level left.
You didn't know any spells.
Your spell library was empty.

Inventory:

Hand Weapons
 a - a +1 mace of electrocution (weapon)
Armour
 b - a +0 leather armour (worn)
 f - a +0 pair of gloves (worn)
   (You found it on level 2 of the Abyss)
Wands
 g - a wand of digging (5)
   (You found it on level 3 of the Abyss)
 h - a wand of iceblast (9)
   (You found it on level 3 of the Abyss)
Scrolls
 d - a scroll of noise {unknown}
 e - a scroll of magic mapping {unknown}
Potions
 c - a potion of flight {unknown}

Dungeon Overview and Level Annotations

Branches:
Dungeon (1/15)

Altars:

#.# ..... #.# (....
#####.##.....
.......... #......#
.#.##..††..####
...............
...##.#r####### ...
#.#@######## ####..
#..........#
......##.#.#......#
##................#
...................
.......###.#.######
.........#.#.#
#.###..##.#.#######
#.............#


You could see a quokka.


Message History

No target in view!
No target in view!
No target in view!
No target in view!
No target in view!
Unknown command.
A ball python comes into view.
The ball python hisses angrily.
A ball python is nearby!
A ball python is nearby!
You thump the ball python!
You kill the ball python!
Lugonu accepts your kill.
No target in view!
No target in view!
No target in view!
e - a scroll labelled QIURAQATHRO A hobgoblin comes into view.
The hobgoblin shouts!
A quokka comes into view.
There are monsters nearby!
A frilled lizard comes into view.
The frilled lizard hisses angrily.
The quokka barely misses you.
A quokka comes into view.
You hit the quokka.
You kill the quokka!
Lugonu accepts your kill. The hobgoblin closely misses you.
A goblin comes into view. It is wielding a +0 club.
You barely miss the hobgoblin.
The goblin shouts!
The hobgoblin closely misses you.
A frilled lizard comes into view.
The hobgoblin barely misses you.
You closely miss the hobgoblin.
The frilled lizard hisses angrily.
The hobgoblin hits you but does no damage.
You completely miss the hobgoblin. The hobgoblin barely misses you.
You sock the frilled lizard!
You kill the frilled lizard!
Lugonu accepts your kill. The hobgoblin hits you.
The quokka barely misses you. 😕 HP[-2]
You take 2 damage, and now have 12/14 hp.
You miss the quokka.
The hobgoblin hits you but does no damage.
The quokka closely misses you. The hobgoblin closely misses you.
Your leather armour prevents you from hitting the quokka.
The quokka bites you but does no damage.
The quokka barely misses you.
You sock the frilled lizard!
Lightning courses through the frilled lizard!!
You kill the frilled lizard!
Lugonu accepts your kill.
You can now depart the Abyss.
The quokka bites you but does no damage.
The goblin barely misses you. The hobgoblin closely misses you.
You closely miss the hobgoblin. The quokka barely misses you.
The hobgoblin hits you. The goblin hits you with a +0 club.
* * * LOW HITPOINT WARNING * * *
The quokka misses you. The goblin closely misses you.
The hobgoblin barely misses you. 😨 HP[-5]
You take 5 damage, and now have 7/14 hp.
MASSIVE DAMAGE!! (PAUSE)
You thump the hobgoblin!
Lightning courses through the hobgoblin!
You kill the hobgoblin!
Lugonu accepts your kill.
The quokka bites you but does no damage.
The goblin hits you but does no damage. The quokka misses you.
The goblin closely misses you.
You barely miss the quokka. The goblin hits you with a +0 club.
* * * LOW HITPOINT WARNING * * *
The quokka closely misses you.
You closely miss the quokka. The quokka bites you.
* * * LOW HITPOINT WARNING * * *
The goblin misses you. The quokka closely misses you. 😱 HP[-5]
You take 5 damage, and now have 2/14 hp.
MASSIVE DAMAGE!! (PAUSE) 😱 HP[+1]
You sock the goblin!
You kill the goblin!
Lugonu accepts your kill.
You have reached level 2! 😱 HP[+1] MP[+1]
You now have 19 max hp (+5).
Your mp is fully restored (3).
You barely miss the quokka.
The quokka bites you but does no damage.
The quokka barely misses you.
You barely miss the quokka. The quokka bites you.
* * * LOW HITPOINT WARNING * * *
The quokka bites you but does no damage. 😱 HP[-1]
You take 1 damage, and now have 3/19 hp.
You miss the quokka. The quokka closely misses you.
You completely miss the quokka. The quokka bites you.
You die...

Action                   || total
-------------------------++-------
Melee: Mace              ||    19
Invok: Depart the Abyss  ||     1
  Use: Scroll            ||     2
Armor: Leather armour    ||     8
Dodge: Dodged            ||    24

Levels and vault maps discovered:
D:1:      ncdulo_watergridlock, layout_basic

Notes
Turn   | Place    | Note
-------+----------+-------------------------------------------
     0 | Abyss:1  | spiderkeys the Gargoyle Abyssal Knight began the quest for
                  | the Orb.
     0 | Abyss:1  | Reached XP level 1. HP: 14/14 MP: 2/2
     0 | Abyss:1  | magus.rc [v1.9.10]
     2 | Abyss:1  | Found a corrupted altar of Lugonu.
    61 | Abyss:2  | Noticed a small abomination
    91 | Abyss:2  | Noticed a wraith
   156 | Abyss:4  | Noticed a raiju
   156 | Abyss:4  | Noticed a raiju
   156 | Abyss:4  | Noticed a raiju
   158 | D:1      | You pass through the gate.
   158 | D:1      | Escaped the Abyss
   240 | D:1      | Reached * piety under Lugonu
   245 | D:1      | HP: 2/14 [quokka (3)]
   248 | D:1      | Reached XP level 2. HP: 4/19 MP: 3/3
   251 | D:1      | Slain by a quokka

Vanquished Creatures
  A ball python (D:1)
  A goblin (D:1)
  A hobgoblin (D:1)
  A quokka (D:1)
  2 frilled lizards (D:1)
  A rat (D:1)
7 creatures vanquished.

Table legend:
 A = Non-vault XP
 B = Vault XP
 C = Vault XP percentage of total XP
 D = Non-vault monster count
 E = Vault monster count
 F = Vault count percentage of total count
                 A         B        C        D         E       F
            +---------+---------+-------+---------+---------+-------
      Total |      11 |       0 |   0.0 |       7 |       0 |   0.0
            +---------+---------+-------+---------+---------+-------
        D:1 |      11 |       0 |   0.0 |       7 |       0 |   0.0
            +---------+---------+-------+---------+---------+-------

Illustrated notes

Table legend:
 A = Kills in this place as a percentage of kills in entire the game.
 B = Kills by you in this place as a percentage of kills by you in the entire game.
 C = Kills by friends in this place as a percentage of kills by friends in the entire game.
 D = Other kills in this place as a percentage of other kills in the entire game.
 E = Experience gained in this place as a percentage of experience gained in the entire game.
 F = Experience gained in this place divided by the number of levels of this place that you have seen.
                   A       B       C       D       E      F
               +-------+-------+-------+-------+-------+----------------------
         Total | 100.0 | 100.0 |   N/A |   N/A | 100.0 |   2.2
       Dungeon | 100.0 | 100.0 |   N/A |   N/A | 100.0 |  11.0
               +-------+-------+-------+-------+-------+----------------------

Table legend: (Time is in decaauts)
 A = Elapsed time spent in this place.
 B = Non-inter-level travel time spent in this place.
 C = Inter-level travel time spent in this place.
 D = Time resting spent in this place.
 E = Time spent auto-exploring this place.
 F = Levels seen in this place.
 G = Mean time per level.
                   A        B        C        D        E       F      G
               +--------+--------+--------+--------+--------+-----+--------+
         Total |    255 |    255 |      0 |      0 |     71 |   5 |   51.0 |
       Dungeon |     98 |     98 |      0 |      0 |     61 |   1 |   98.0 |
         Abyss |    157 |    157 |      0 |      0 |     10 |   4 |   39.2 |
               +--------+--------+--------+--------+--------+-----+--------+

Top non-repeatable levels by time:
 Abyss:2: 103 daAuts
     D:1: 98 daAuts
 Abyss:1: 27 daAuts
 Abyss:3: 23 daAuts
 Abyss:4: 2 daAuts
